[Event "December 5 Early 2023"]
[Site "https://www.chess.com"]
[Date "2023.12.05"]
[Round "2"]
[White "Mohammed, Zozek Salah Mohammed"]
[Black "Stepanencu, Nicodim-Cosmin"]
[Result "0-1"]
[Board "159"]
[TimeControl "180+1"]
[WhiteFideId "4803361"]
[BlackFideId "1256220"]
[WhiteElo "2340"]
[BlackElo "2596"]
[WhiteTeam "IRQ"]
[BlackTeam "ROU"]
[WhiteClock "0:00:41"]
[BlackClock "0:00:30"]

1. d4 Nf6 2. Nf3 c5 3. g3 cxd4 4. Bg2 Nc6 5. O-O e6 6. Nxd4 Bc5 7. Nb3 Be7 8. c4 d6 9. Nc3 O-O 10. Bg5 Ne5 11. Qd4 Qc7 12. Nb5 Qxc4 13. Bxf6 Qxd4 14. N3xd4 Bxf6 15. Nxd6 Rd8 16. Nxc8 Raxc8 17. e3 b6 18. Rac1 Nd3 19. Rxc8 Rxc8 20. Nc6 a5 21. b3 g6 22. Rd1 Nb4 23. Nxb4 axb4 24. Rd2 Rc1+ 25. Bf1 Bc3 26. Re2 Kg7 27. Kg2 Kf6 28. f4 e5 29. Kf2 exf4 30. gxf4 Kf5 31. Bg2 f6 32. Kf3 Ke6 33. Ke4 Rd1 34. Rc2 f5+ 35. Kf3 Ra1 36. Ke2 h6 37. Kd3 g5 38. fxg5 hxg5 39. Kc4 Ke5 40. Kb5 Re1 41. a4 bxa3 42. Kxb6 Bb2 43. Rc5+ Kf6 44. Ra5 Rxe3 45. b4 Re2 46. Bf1 Rf2 47. Bd3 a2 48. Rxa2 Bd4+ 49. Kc6 Rxa2 0-1

[Event "December 5 Early 2023"]
[Site "https://www.chess.com"]
[Date "2023.12.05"]
[Round "2"]
[White "Guliev, Logman"]
[Black "Napoli, Nicolo"]
[Result "1-0"]
[Board "160"]
[TimeControl "180+1"]
[WhiteFideId "13400061"]
[BlackFideId "813702"]
[WhiteElo "2595"]
[BlackElo "2338"]
[WhiteTeam "AZE"]
[BlackTeam "ITA"]
[WhiteClock "0:00:15"]
[BlackClock "0:00:00"]

1. e4 c6 2. Nf3 d5 3. Nc3 Bg4 4. h3 Bxf3 5. Qxf3 Nf6 6. d4 dxe4 7. Nxe4 Qxd4 8. Bd3 Nxe4 9. Bxe4 e6 10. Be3 Qf6 11. Qg3 Nd7 12. O-O-O Be7 13. Kb1 Qh4 14. Qc7 Rd8 15. Bf3 Qb4 16. Rd4 Qb5 17. Rhd1 Bf6 18. a4 Qb6 19. Qg3 Bxd4 20. Bxd4 Qa5 21. Qxg7 Rf8 22. Qxh7 c5 23. Bc3 Qb6 24. Bh5 c4 25. Qe4 Nc5 26. Rxd8+ 1-0

[Event "December 5 Early 2023"]
[Site "https://www.chess.com"]
[Date "2023.12.05"]
[Round "2"]
[White "Georg, Heinz"]
[Black "Maltsevskaya, Aleksandra"]
[Result "0-1"]
[Board "161"]
[TimeControl "180+1"]
[WhiteFideId "4607295"]
[BlackFideId "24174041"]
[WhiteElo "2337"]
[BlackElo "2593"]
[WhiteTeam "GER"]
[BlackTeam "POL"]
[WhiteClock "0:01:23"]
[BlackClock "0:01:17"]

1. e4 c6 2. d4 d5 3. exd5 cxd5 4. c4 Nf6 5. Nc3 Nc6 6. Bg5 e6 7. Nf3 Be7 8. c5 O-O 9. Bb5 Ne4 10. Bxe7 Nxe7 11. O-O f5 12. Ne5 Ng6 13. f4 Nxe5 14. fxe5 Bd7 15. Bxd7 Qxd7 16. Nxe4 dxe4 17. Qd2 Rad8 18. Rad1 Qa4 19. b3 Qa3 20. Qc3 Qxa2 21. Ra1 Qe2 22. Rxa7 f4 23. Rxb7 f3 24. gxf3 exf3 25. Rf2 Qd1+ 26. Rf1 f2+ 27. Kg2 Qg4+ 28. Kh1 Qe4+ 0-1

[Event "December 5 Early 2023"]
[Site "https://www.chess.com"]
[Date "2023.12.05"]
[Round "2"]
[White "Bodnaruk, Anastasia"]
[Black "Chandra, Anand Rishi"]
[Result "1-0"]
[Board "162"]
[TimeControl "180+1"]
[WhiteFideId "4181751"]
[BlackFideId "2626152"]
[WhiteElo "2586"]
[BlackElo "2336"]
[WhiteTeam "RUS"]
[BlackTeam "CAN"]
[WhiteClock "0:00:26"]
[BlackClock "0:01:24"]

1. e4 e5 2. Nf3 Nc6 3. Bb5 a6 4. Ba4 Nf6 5. O-O Be7 6. d3 b5 7. Bb3 d6 8. c3 O-O 9. h3 Nb8 10. Re1 Nbd7 11. d4 Bb7 12. Nbd2 g6 13. Bc2 Re8 14. Nf1 h5 15. Ng3 Bf8 16. Ng5 a5 17. h4 a4 18. Bd2 Bg7 19. Qf3 Qe7 20. Bd3 c6 21. Rac1 Ng4 22. d5 Nc5 23. c4 cxd5 24. cxd5 Qd7 25. Bxb5 Qxb5 26. Qxf7+ Kh8 27. Qxg6 Nf6 28. Nxh5 Ncd7 29. Qxg7# 1-0

[Event "December 5 Early 2023"]
[Site "https://www.chess.com"]
[Date "2023.12.05"]
[Round "2"]
[White "Seder, Mohammed"]
[Black "Sharapov, Evgeny"]
[Result "1-0"]
[Board "163"]
[TimeControl "180+1"]
[WhiteFideId "11505567"]
[BlackFideId "14103133"]
[WhiteElo "2336"]
[BlackElo "2554"]
[WhiteTeam "PLE"]
[BlackTeam "UKR"]
[WhiteClock "0:00:04"]
[BlackClock "0:00:20"]

1. e4 c5 2. Nf3 d6 3. Bb5+ Bd7 4. Bxd7+ Qxd7 5. O-O Nf6 6. Re1 Nc6 7. c3 e6 8. d4 cxd4 9. cxd4 d5 10. e5 Ne4 11. a3 Be7 12. Qd3 O-O 13. Nbd2 Nxd2 14. Bxd2 Rfc8 15. Re3 b6 16. Ne1 Na5 17. b3 Rc7 18. Rh3 g6 19. Nf3 Rac8 20. Ng5 h5 21. Rxh5 Qc6 22. Re1 Qc2 23. Rh8+ Kg7 24. Rh7+ Kf8 25. Qh3 Ke8 26. Nxe6 fxe6 27. Qxe6 Qf5 28. Rh8+ Qf8 29. Qxg6+ Kd7 30. Qg4+ Kc6 31. Rxf8 Bxf8 32. Bxa5 bxa5 33. e6 Be7 34. f4 Kb7 35. f5 Rc1 36. Rxc1 Rxc1+ 37. Kf2 Rc2+ 38. Kf3 Rc3+ 39. Kf4 Rxb3 40. Qg7 1-0

[Event "December 5 Early 2023"]
[Site "https://www.chess.com"]
[Date "2023.12.05"]
[Round "2"]
[White "Mejia, Giovanni"]
[Black "titledsquirrel2007"]
[Result "1-0"]
[Board "164"]
[TimeControl "180+1"]
[WhiteFideId "5209498"]
[WhiteElo "2541"]
[BlackElo "2333"]
[WhiteTeam "PHI"]
[WhiteClock "0:00:31"]
[BlackClock "0:00:13"]

1. e4 c5 2. d3 Nc6 3. Be2 g6 4. f4 Bg7 5. Nf3 d6 6. O-O e6 7. c3 Nge7 8. Be3 O-O 9. Na3 a6 10. d4 d5 11. e5 cxd4 12. cxd4 Bd7 13. Bf2 Rc8 14. Nc2 Qb6 15. b3 Nb4 16. Ne3 Bb5 17. Bh4 Nf5 18. Nxf5 exf5 19. Be7 Bxe2 20. Qxe2 Rc2 21. Qe1 Nc6 22. Bxf8 Bxf8 23. e6 Nxd4 24. exf7+ Kxf7 25. Kh1 Nxf3 26. Rxf3 Bb4 27. Qe5 Qc6 28. Rd1 Rd2 29. Rff1 Bd6 30. Qe3 Rxa2 31. Qd4 Bc5 32. Qxd5+ Qxd5 33. Rxd5 b6 34. h4 Rb2 35. Rf3 Rb1+ 36. Kh2 Bg1+ 37. Kh3 Bc5 38. Rfd3 Rh1+ 39. Kg3 Bb4 40. Rd7+ Ke6 41. Rxh7 Be1+ 42. Kf3 Rxh4 43. Re3+ Kf6 44. Rhe7 1-0

[Event "December 5 Early 2023"]
[Site "https://www.chess.com"]
[Date "2023.12.05"]
[Round "2"]
[White "Franchini, Gabriele"]
[Black "Osmak, Yuliia"]
[Result "0-1"]
[Board "165"]
[TimeControl "180+1"]
[WhiteFideId "806790"]
[BlackFideId "14101602"]
[WhiteElo "2332"]
[BlackElo "2540"]
[WhiteTeam "ITA"]
[BlackTeam "UKR"]
[WhiteClock "0:00:00"]
[BlackClock "0:00:07"]

1. e4 c5 2. Nf3 Nc6 3. Bb5 g6 4. Bxc6 dxc6 5. d3 Bg7 6. h3 e5 7. Be3 Qe7 8. a4 a5 9. Na3 Nf6 10. Nc4 Nd7 11. Qd2 b6 12. O-O O-O 13. Nh2 Ba6 14. Bh6 Rfd8 15. b3 Bh8 16. Bg5 f6 17. Be3 g5 18. Rfe1 Rab8 19. Nf1 Nf8 20. Ng3 Bc8 21. Nf5 Bxf5 22. exf5 Qd7 23. Qe2 Qxf5 24. Bd2 Ne6 25. Nxb6 Rxb6 26. Bxa5 Rbb8 27. Bxd8 Rxd8 28. Qg4 Qxg4 29. hxg4 Nd4 30. Rac1 Bg7 31. f3 Bf8 32. Kf2 h6 33. Ke3 Kf7 34. Kd2 Ra8 35. Rb1 Bd6 36. c3 Ne6 37. Ra1 Bc7 38. Re4 Nf4 39. g3 Nd5 40. Rc4 Bb6 41. b4 cxb4 42. cxb4 Bd4 43. Ra2 Rb8 44. Rxc6 Nxb4 45. Rc7+ Kg6 46. Ra3 Nd5 47. Rc4 Ne3 48. Ra2 Nxc4+ 49. dxc4 f5 50. Kd3 Rd8 51. a5 fxg4 52. fxg4 Bf2+ 53. Ke2 Bxg3 54. a6 Ra8 55. Ke3 Bf4+ 56. Ke4 h5 57. gxh5+ Kxh5 58. Kd5 g4 59. Kc6 g3 60. Kb7 Rg8 0-1

[Event "December 5 Early 2023"]
[Site "https://www.chess.com"]
[Date "2023.12.05"]
[Round "2"]
[White "Tao, Sihan"]
[Black "Gerbelli Neto, Eduardo"]
[Result "1-0"]
[Board "166"]
[TimeControl "180+1"]
[WhiteFideId "30982677"]
[BlackFideId "2103281"]
[WhiteElo "2536"]
[BlackElo "2330"]
[WhiteTeam "USA"]
[BlackTeam "BRA"]
[WhiteClock "0:00:47"]
[BlackClock "0:00:19"]

1. e4 e5 2. Nf3 Nc6 3. Bc4 Nf6 4. d3 Bc5 5. Nc3 d6 6. Na4 Bb6 7. a3 O-O 8. O-O h6 9. h3 Be6 10. Bxe6 fxe6 11. c3 Qe8 12. Nxb6 axb6 13. Be3 Nh5 14. a4 Nf4 15. Nh2 Qg6 16. Bxf4 exf4 17. Qg4 Qxg4 18. hxg4 Ne5 19. Rfd1 c5 20. b3 Nc6 21. Nf3 e5 22. d4 exd4 23. cxd4 Na5 24. dxc5 dxc5 25. Rab1 Rfd8 26. Rxd8+ Rxd8 27. b4 cxb4 28. Rxb4 Rd6 29. Ne5 Rd1+ 30. Kh2 Rd2 31. f3 Ra2 32. Nc4 Nxc4 33. Rxc4 Rb2 34. Rc7 Rb4 35. Rxb7 Rxa4 36. Rxb6 Kf7 37. Rb7+ Kg6 38. Rb6+ Kf7 39. Rb5 g6 40. Rb7+ Kf6 41. Rb5 Ra6 42. Kh3 Rc6 43. g5+ hxg5 44. Kg4 Rc2 45. Rb6+ Kg7 46. Kxg5 Rxg2+ 47. Kxf4 Re2 48. Ke5 g5 49. Rb3 Kg6 50. Kd5 Kf6 51. Rb6+ Kf7 52. e5 Re3 53. Rb7+ Kg6 54. e6 Kf6 55. Rf7+ Kg6 56. Kd6 Rd3+ 57. Ke7 Ra3 58. Rf6+ Kg7 59. Rf5 Ra7+ 60. Kd6 Ra6+ 61. Kd5 Ra5+ 62. Ke4 Ra4+ 63. Ke3 Kg6 64. Re5 Ra8 65. e7 Re8 66. Ke4 Kf6 67. Kd5 Rxe7 68. Rxe7 Kxe7 69. Ke5 g4 70. fxg4 Kf7 71. Kf5 Kg7 72. Kg5 Kh7 73. Kf6 Kg8 74. Kg6 Kh8 75. Kf7 Kh7 76. g5 Kh8 77. Kf6 Kh7 78. Kf7 Kh8 79. Kg6 Kg8 80. Kh6 Kh8 81. g6 Kg8 82. g7 1-0

[Event "December 5 Early 2023"]
[Site "https://www.chess.com"]
[Date "2023.12.05"]
[Round "2"]
[White "IranianCheetah"]
[Black "Khamdamova, Afruza"]
[Result "0-1"]
[Board "167"]
[TimeControl "180+1"]
[BlackFideId "14210444"]
[WhiteElo "2329"]
[BlackElo "2534"]
[BlackTeam "UZB"]
[WhiteClock "0:00:05"]
[BlackClock "0:02:00"]

1. e4 e5 2. Nf3 Nc6 3. Bb5 a6 4. Bxc6 dxc6 5. O-O f6 6. d4 exd4 7. Nxd4 c5 8. Ne2 Qxd1 9. Rxd1 Be6 10. Bf4 Rc8 11. Nbc3 Ne7 12. Rd2 Ng6 13. Bg3 Ne5 14. Nf4 Bf7 15. b3 Bd6 16. Rad1 h5 17. Nfd5 h4 18. Bf4 h3 19. Bxe5 Bxe5 20. g3 Bh5 21. f4 Bxc3 22. Nxc3 Bxd1 23. Rxd1 Rd8 24. Nd5 c6 25. Nc7+ Ke7 0-1

[Event "December 5 Early 2023"]
[Site "https://www.chess.com"]
[Date "2023.12.05"]
[Round "2"]
[White "Gavrilov, Maxim"]
[Black "De Arruda, Leandro Formes"]
[Result "1-0"]
[Board "168"]
[TimeControl "180+1"]
[WhiteFideId "24271454"]
[BlackFideId "22722009"]
[WhiteElo "2533"]
[BlackElo "2327"]
[WhiteTeam "RUS"]
[BlackTeam "BRA"]
[WhiteClock "0:00:32"]
[BlackClock "0:00:14"]

1. d4 d5 2. c4 e6 3. Nc3 Nf6 4. cxd5 exd5 5. Bg5 c6 6. e3 Be7 7. Bd3 Ne4 8. Bf4 f5 9. Nf3 O-O 10. Ne5 Nd7 11. O-O Nxe5 12. Bxe5 Bd6 13. Bxd6 Qxd6 14. f3 Ng5 15. Qd2 Bd7 16. Rae1 Rae8 17. Bb1 f4 18. e4 dxe4 19. fxe4 f3 20. Qxg5 fxg2 21. Kxg2 Qb4 22. Qd2 Re6 23. Kh1 Rh6 24. Rg1 Rhf6 25. e5 Rf2 26. Qg5 g6 27. Bxg6 Qxb2 28. Bh5+ 1-0

[Event "December 5 Early 2023"]
[Site "https://www.chess.com"]
[Date "2023.12.05"]
[Round "2"]
[White "Zivic, Dragan"]
[Black "Lewicki, Miroslaw"]
[Result "0-1"]
[Board "169"]
[TimeControl "180+1"]
[WhiteFideId "904740"]
[BlackFideId "1113380"]
[WhiteElo "2324"]
[BlackElo "2530"]
[WhiteTeam "SRB"]
[BlackTeam "POL"]
[WhiteClock "0:00:03"]
[BlackClock "0:02:02"]

1. c4 c5 2. Nc3 d6 3. Nf3 Nf6 4. g3 e6 5. Bg2 Be7 6. O-O O-O 7. e4 Nc6 8. d4 cxd4 9. Nxd4 Qb6 10. Nb3 a5 11. Be3 Qa6 12. c5 Rd8 13. cxd6 Bxd6 14. Qe2 Nb4 15. Qxa6 Rxa6 16. Rad1 e5 17. Bc5 Bg4 18. f3 Be6 19. Bxd6 Raxd6 20. Nc5 Nxa2 21. Rxd6 Rxd6 22. Nxb7 Rb6 23. Nxa5 Rxb2 24. Nxa2 Rxa2 25. Nc6 Nd7 26. f4 exf4 27. gxf4 g6 28. Nd4 Bc4 29. Rc1 Bd3 30. Rd1 Nc5 31. Nb3 Rxg2+ 32. Kxg2 Bxe4+ 33. Kf2 Nxb3 34. Ke3 Bf5 35. Rd8+ Kg7 36. Rb8 Nc5 37. h4 h5 38. Ra8 Ne6 39. Rb8 Kf6 40. Rb6 Bg4 41. Rd6 Ke7 42. Rb6 Ng7 43. Rb7+ Kf6 44. Rb6+ Be6 0-1

[Event "December 5 Early 2023"]
[Site "https://www.chess.com"]
[Date "2023.12.05"]
[Round "2"]
[White "Yashmetov, Mikhail"]
[Black "Lazarne Vajda, Szidonia"]
[Result "0-1"]
[Board "170"]
[TimeControl "180+1"]
[WhiteFideId "24198900"]
[BlackFideId "723894"]
[WhiteElo "2530"]
[BlackElo "2321"]
[WhiteTeam "RUS"]
[BlackTeam "HUN"]
[WhiteClock "0:00:00"]
[BlackClock "0:00:38"]

1. Nf3 Nf6 2. b3 g6 3. Bb2 Bg7 4. g3 b6 5. Bg2 Bb7 6. O-O O-O 7. c4 c5 8. d3 d6 9. Nbd2 Nbd7 10. Qc2 a6 11. e3 Rc8 12. Rac1 Qc7 13. Rfd1 Qb8 14. Qb1 Qa8 15. e4 b5 16. Ne1 b4 17. f4 a5 18. Nef3 a4 19. Nf1 Bh6 20. Rc2 Nxe4 21. dxe4 Bxe4 22. N1d2 axb3 23. axb3 Bxc2 24. Qxc2 Nf6 25. Ng5 Qb8 26. Nde4 Nxe4 27. Qxe4 Bg7 28. Bxg7 Kxg7 29. Qxe7 Rce8 30. Qd7 Qb6 31. Rxd6 Qa5 32. Bd5 Qa2 33. Ne6+ Kg8 34. f5 fxe6 35. Rxe6 Rxe6 36. Qxe6+ Kg7 37. Qe7+ Kh6 38. Qxf8+ Kg5 39. Qe7+ Kg4 40. Qe4+ Kg5 41. Qf4+ Kf6 42. fxg6+ Ke7 43. Qf7+ Kd6 44. Qf6+ Kc7 45. Qc6+ Kd8 46. Qd6+ Kc8 0-1

[Event "December 5 Early 2023"]
[Site "https://www.chess.com"]
[Date "2023.12.05"]
[Round "2"]
[White "Ozates, Tuna"]
[Black "Korol, Dimitry"]
[Result "1-0"]
[Board "171"]
[TimeControl "180+1"]
[WhiteFideId "6354521"]
[BlackFideId "14108003"]
[WhiteElo "2530"]
[BlackElo "2313"]
[WhiteTeam "TUR"]
[BlackTeam "UKR"]
[WhiteClock "0:01:37"]
[BlackClock "0:00:00"]

1. e4 c5 2. Nf3 d6 3. Bb5+ Nd7 4. c3 Nf6 5. Qe2 g6 6. d4 cxd4 7. cxd4 Bg7 8. Nc3 O-O 9. O-O a6 10. Bd3 e5 11. dxe5 Nxe5 12. Nxe5 dxe5 13. f3 Be6 14. Be3 Rc8 15. Rfd1 Qa5 16. a3 Bb3 17. Rd2 Rfd8 18. Rc1 h6 19. Qf2 Bf8 20. Kh1 Bc5 21. Re1 Kg7 22. h3 Bxe3 23. Rxe3 Rd4 24. g3 Rcd8 25. f4 Bc4 26. Qe2 Qc7 27. f5 Qc6 28. Kh2 b5 29. fxg6 fxg6 30. Qf3 Qd7 31. Rf2 1-0

[Event "December 5 Early 2023"]
[Site "https://www.chess.com"]
[Date "2023.12.05"]
[Round "2"]
[White "Gutkin, Ilya"]
[Black "Gutierrez Olivares, Daniel"]
[Result "1-0"]
[Board "172"]
[TimeControl "180+1"]
[WhiteFideId "16203470"]
[BlackFideId "2264005"]
[WhiteElo "2313"]
[BlackElo "2529"]
[WhiteTeam "GER"]
[BlackTeam "ESP"]
[WhiteClock "0:00:10"]
[BlackClock "0:00:05"]

1. e4 e6 2. d4 d5 3. Nc3 Bb4 4. e5 Ne7 5. a3 Bxc3+ 6. bxc3 c5 7. Qg4 Nf5 8. Bd3 h5 9. Qd1 Qa5 10. Bxf5 exf5 11. Bd2 c4 12. Ne2 Nc6 13. Nf4 h4 14. Qb1 g5 15. Nh3 Rg8 16. Nxg5 f4 17. Nf3 h3 18. gxh3 Bxh3 19. Qxb7 Rc8 20. Ke2 Rc7 21. Qb2 Bg2 22. Rhg1 Qa6 23. Nh4 Nxd4+ 24. Ke1 Rb7 25. Qc1 f3 26. cxd4 c3 27. Qd1 cxd2+ 28. Qxd2 Rg4 29. Nxg2 fxg2 30. f3 Rg6 31. Kf2 Qa4 32. Rxg2 Rb2 33. Rc1 Rxg2+ 34. Kxg2 Qxa3 35. h4 Rb6 36. h5 Qa2 37. h6 Kf8 38. Kf2 Qa6 39. Rg1 Rxh6 40. Qg5 Rg6 41. Qd8+ Kg7 42. Qxd5 Rxg1 43. Kxg1 Qe2 44. Qe4 Qd1+ 45. Kf2 Qd2+ 46. Kg3 Qc3 47. Qg4+ Kf8 48. Qe4 a5 49. d5 a4 50. Qxa4 Qxe5+ 51. Qf4 Qxd5 52. c4 Qc5 53. Qe4 Qg1+ 54. Kf4 Qh2+ 55. Kf5 Qh7+ 56. Ke5 Qh5+ 57. Kd4 Qh2 58. c5 Qd2+ 59. Ke5 Qc3+ 60. Kd6 Qd2+ 61. Qd5 Qb2 62. c6 Qh2+ 63. Kd7 Qb8 64. Qd6+ Qxd6+ 65. Kxd6 Ke8 66. c7 Kf8 67. c8=Q+ Kg7 68. Ke7 1-0

[Event "December 5 Early 2023"]
[Site "https://www.chess.com"]
[Date "2023.12.05"]
[Round "2"]
[White "Silva Lucena, Cristian"]
[Black "Umarov, Sabir"]
[Result "1-0"]
[Board "173"]
[TimeControl "180+1"]
[WhiteFideId "2232588"]
[BlackFideId "14200538"]
[WhiteElo "2529"]
[BlackElo "2312"]
[WhiteTeam "ESP"]
[BlackTeam "UZB"]
[WhiteClock "0:00:12"]
[BlackClock "0:00:00"]

1. d4 g6 2. c4 Bg7 3. Nc3 c6 4. Nf3 d5 5. e3 Nf6 6. Be2 O-O 7. O-O Bf5 8. b3 Ne4 9. Nxe4 dxe4 10. Ne1 c5 11. Bb2 Nc6 12. Nc2 Qd7 13. Rb1 Rad8 14. d5 Bxb2 15. Rxb2 Ne5 16. Ne1 h5 17. Rd2 e6 18. Qa1 Qc7 19. d6 Qa5 20. Rd1 Nc6 21. h3 e5 22. g4 hxg4 23. hxg4 Be6 24. Kg2 Rd7 25. Qb1 f5 26. f4 Qd8 27. fxe5 Nxe5 28. Qb2 Nf7 29. Rh1 Rxd6 30. Rxd6 Qxd6 31. Qf6 Bc8 32. Rh8+ Nxh8 33. Qxd6 fxg4 34. Qxc5 b6 35. Qd5+ Kg7 36. Qd4+ Kh6 37. Qxe4 Bf5 38. Qf4+ Kg7 39. Bxg4 Rf6 40. Bxf5 Rxf5 41. Qd4+ Kh6 42. Nf3 Nf7 43. e4 Rf4 44. Kg3 g5 45. Qd7 Rxe4 46. Qxf7 1-0

[Event "December 5 Early 2023"]
[Site "https://www.chess.com"]
[Date "2023.12.05"]
[Round "2"]
[White "Ruge, Edison"]
[Black "Korchynskyi, Mykola"]
[Result "0-1"]
[Board "174"]
[TimeControl "180+1"]
[WhiteFideId "4401000"]
[BlackFideId "34138005"]
[WhiteElo "2312"]
[BlackElo "2528"]
[WhiteTeam "COL"]
[BlackTeam "UKR"]
[WhiteClock "0:00:00"]
[BlackClock "0:00:51"]

1. e4 e6 2. d3 d5 3. Nd2 c5 4. Ngf3 Nc6 5. g3 Nf6 6. Bg2 dxe4 7. dxe4 Be7 8. O-O O-O 9. a3 Qc7 10. Re1 Rd8 11. e5 Nd5 12. c4 Nb6 13. Qe2 Nd4 14. Nxd4 cxd4 15. b3 Bd7 16. Ne4 Bc6 17. Qh5 g6 18. Qh6 Qxe5 19. Bg5 Bxg5 20. Nxg5 Qg7 21. Qh4 Bxg2 22. Kxg2 d3 23. Rad1 Rd4 24. Qh3 Rad8 25. Rd2 a5 26. a4 h5 27. Nf3 R4d7 28. Re5 Nc8 29. Rxa5 Qc3 30. Rxh5 gxh5 31. Qxh5 Qg7 32. Ne5 Rd4 33. h3 Ne7 34. Ng4 Rxg4 35. hxg4 Ng6 36. Qg5 Qd4 37. a5 Rd7 38. b4 Qxc4 39. Kh2 Qxb4 40. Rd1 Qe4 41. Rd2 Qd5 42. Qh6 Qxa5 43. Kg1 Qd5 44. Kh2 b5 45. f4 b4 46. f5 exf5 47. gxf5 Qxf5 48. g4 Qf4+ 0-1

[Event "December 5 Early 2023"]
[Site "https://www.chess.com"]
[Date "2023.12.05"]
[Round "2"]
[White "Derjabin, Ilja"]
[Black "Shapiro, Daniel"]
[Result "1-0"]
[Board "175"]
[TimeControl "180+1"]
[WhiteFideId "14104768"]
[BlackFideId "2001780"]
[WhiteElo "2526"]
[BlackElo "2310"]
[WhiteTeam "UKR"]
[BlackTeam "USA"]
[WhiteClock "0:01:56"]
[BlackClock "0:01:14"]

1. d4 Nf6 2. c4 e6 3. Nc3 Bb4 4. a3 Bxc3+ 5. bxc3 d6 6. f3 Nfd7 7. e4 e5 8. Bd3 Nc6 9. Ne2 b6 10. O-O O-O 11. f4 f6 12. d5 Na5 13. Ng3 Nc5 14. Ra2 Ba6 15. Nf5 Nxd3 16. Qxd3 Bxc4 17. Qg3 g6 18. fxe5 fxe5 19. Nh6+ Kh8 20. Rxf8+ Qxf8 21. Rf2 Qg7 22. Nf7+ Kg8 23. Bh6 Qxf7 24. Rxf7 Kxf7 25. Qf3+ Ke7 26. Bg5+ Ke8 27. Qf6 Kd7 28. Qe6# 1-0

[Event "December 5 Early 2023"]
[Site "https://www.chess.com"]
[Date "2023.12.05"]
[Round "2"]
[White "Nissinen, Niilo Man"]
[Black "Baches Garcia, Guillermo"]
[Result "0-1"]
[Board "176"]
[TimeControl "180+1"]
[WhiteFideId "30950767"]
[BlackFideId "2209764"]
[WhiteElo "2308"]
[BlackElo "2526"]
[WhiteTeam "HKG"]
[BlackTeam "ESP"]
[WhiteClock "0:00:02"]
[BlackClock "0:00:40"]

1. e4 d5 2. exd5 Qxd5 3. Nc3 Qa5 4. d4 Nf6 5. Bd2 Bg4 6. f3 Bd7 7. Bc4 Qb6 8. Nge2 e6 9. O-O Be7 10. Kh1 O-O 11. Be3 Rd8 12. Bb3 c5 13. Qe1 cxd4 14. Bxd4 Qc7 15. Ng3 Nc6 16. Be3 Be8 17. f4 Nd4 18. Bxd4 Rxd4 19. f5 e5 20. Qe2 Rad8 21. Nge4 Qc6 22. Rae1 b5 23. Rf3 a5 24. a4 bxa4 25. Ba2 a3 26. bxa3 Bxa3 27. Nxf6+ Qxf6 28. Ne4 Qh4 29. Rxa3 Rxe4 30. Re3 Qxe1+ 31. Qxe1 Rxe3 32. Qxe3 Rd1+ 0-1

[Event "December 5 Early 2023"]
[Site "https://www.chess.com"]
[Date "2023.12.05"]
[Round "2"]
[White "Dauner, Benedikt"]
[Black "Goswami, Vedant"]
[Result "1-0"]
[Board "177"]
[TimeControl "180+1"]
[WhiteFideId "16225899"]
[BlackFideId "5003725"]
[WhiteElo "2523"]
[BlackElo "2308"]
[WhiteTeam "GER"]
[BlackTeam "IND"]
[WhiteClock "0:01:47"]
[BlackClock "0:01:36"]

1. Nf3 d5 2. e3 Nf6 3. c4 c6 4. Nc3 g6 5. b3 Bg7 6. Bb2 Ne4 7. Qc2 Bf5 8. Nxe4 Bxe4 9. d3 Qa5+ 10. Nd2 Bxb2 11. Qxb2 1-0

[Event "December 5 Early 2023"]
[Site "https://www.chess.com"]
[Date "2023.12.05"]
[Round "2"]
[White "Lopez Del Alamo, Antonio"]
[Black "Masague Artero, Guerau"]
[Result "0-1"]
[Board "178"]
[TimeControl "180+1"]
[WhiteFideId "2227339"]
[BlackFideId "32098952"]
[WhiteElo "2306"]
[BlackElo "2523"]
[WhiteTeam "ESP"]
[BlackTeam "ESP"]
[WhiteClock "0:02:28"]
[BlackClock "0:02:49"]

1. e4 g6 2. d4 Nf6 3. Nc3 d5 4. e5 Ne4 5. Bd3 Nxc3 6. bxc3 c5 7. Nf3 Nc6 8. h3 Bg7 9. Ba3 cxd4 10. cxd4 Qa5+ 0-1

[Event "December 5 Early 2023"]
[Site "https://www.chess.com"]
[Date "2023.12.05"]
[Round "2"]
[White "Budrewicz, Krzysztof"]
[Black "Tharushi, T H D Niklesha"]
[Result "0-1"]
[Board "179"]
[TimeControl "180+1"]
[WhiteFideId "1127950"]
[BlackFideId "9918264"]
[WhiteElo "2521"]
[BlackElo "2303"]
[WhiteTeam "POL"]
[BlackTeam "SRI"]
[WhiteClock "0:01:21"]
[BlackClock "0:01:37"]

1. d4 Nf6 2. c4 e6 3. Nf3 Bb4+ 4. Bd2 Qe7 5. e3 Nc6 6. Bd3 O-O 7. O-O d6 8. Nc3 e5 9. Bc2 e4 10. Ng5 Bxc3 11. Bxc3 h6 12. Nh3 Bxh3 13. gxh3 d5 14. cxd5 Nxd5 15. Qg4 f5 16. Qg2 Kh8 17. Kh1 Rf6 18. Rg1 Qf7 19. Bb3 Nce7 20. Bb4 Rg6 21. Qf1 c6 22. Bxe7 Rxg1+ 23. Qxg1 Qxe7 24. Bxd5 cxd5 25. Rc1 Rf8 26. Qg6 Qh4 27. Qg3 Qh5 28. Rc7 Rf7 29. Rc8+ Kh7 30. Rd8 Rf6 31. Rd6 Qd1+ 32. Kg2 Qf3+ 33. Kg1 Qxg3+ 34. hxg3 Rxd6 0-1

[Event "December 5 Early 2023"]
[Site "https://www.chess.com"]
[Date "2023.12.05"]
[Round "2"]
[White "Khuslen, Erdenebayar"]
[Black "Kurmangaliyeva, Liya"]
[Result "1-0"]
[Board "180"]
[TimeControl "180+1"]
[WhiteFideId "4910532"]
[BlackFideId "13725831"]
[WhiteElo "2301"]
[BlackElo "2520"]
[WhiteTeam "MGL"]
[BlackTeam "KAZ"]
[WhiteClock "0:00:14"]
[BlackClock "0:00:00"]

1. d4 d5 2. c4 dxc4 3. Nf3 Nf6 4. e3 e6 5. Bxc4 c5 6. O-O a6 7. a4 cxd4 8. exd4 Nc6 9. Nc3 Be7 10. Re1 O-O 11. Be3 Nb4 12. Ne5 Bd7 13. Qe2 h6 14. Rad1 Rc8 15. Bb3 Bd6 16. Bf4 Qc7 17. d5 exd5 18. Nxd5 Nfxd5 19. Bxd5 Nxd5 20. Rxd5 Be6 21. Rd2 Qb6 22. Nd7 Bxd7 23. Rxd6 Bc6 24. Be5 Rce8 25. Qg4 f6 26. Qc4+ Kh8 27. Bc3 1-0

[Event "December 5 Early 2023"]
[Site "https://www.chess.com"]
[Date "2023.12.05"]
[Round "2"]
[White "Yelisieiev, Yevhenii"]
[Black "Rose, Felix"]
[Result "1-0"]
[Board "181"]
[TimeControl "180+1"]
[WhiteFideId "14139642"]
[BlackFideId "5105722"]
[WhiteElo "2517"]
[BlackElo "2299"]
[WhiteTeam "GER"]
[BlackTeam "MEX"]
[WhiteClock "0:01:25"]
[BlackClock "0:01:27"]

1. d4 d5 2. Nf3 Nf6 3. c4 e6 4. Nc3 Be7 5. Bg5 Nbd7 6. e3 h6 7. Bh4 O-O 8. Qc2 c5 9. cxd5 Nxd5 10. Bxe7 Qxe7 11. Nxd5 exd5 12. dxc5 Nxc5 13. Rc1 b6 14. Be2 Bg4 15. O-O Rac8 16. h3 Bh5 17. Qf5 Bxf3 18. Bxf3 d4 19. exd4 Ne6 20. Rxc8 Rxc8 21. d5 Rc5 22. b4 Nd4 23. Qd3 Nxf3+ 24. Qxf3 Rc2 25. a3 Qc7 26. Rd1 Rc3 27. d6 1-0

[Event "December 5 Early 2023"]
[Site "https://www.chess.com"]
[Date "2023.12.05"]
[Round "2"]
[White "Mejia, Cherry Ann"]
[Black "Andreev, Konstantin"]
[Result "1-0"]
[Board "182"]
[TimeControl "180+1"]
[WhiteFideId "5206880"]
[BlackFideId "24239305"]
[WhiteElo "2296"]
[BlackElo "2517"]
[WhiteTeam "PHI"]
[BlackTeam "ITA"]
[WhiteClock "0:00:52"]
[BlackClock "0:00:20"]

1. e4 c5 2. Nc3 e6 3. g3 Nc6 4. Bg2 g6 5. d3 Bg7 6. Be3 d6 7. Qd2 h5 8. h3 Nge7 9. Nge2 a6 10. O-O b5 11. f4 Bb7 12. d4 cxd4 13. Nxd4 O-O 14. Rad1 Qa5 15. a3 Rfd8 16. f5 exf5 17. exf5 gxf5 18. Nxf5 b4 19. axb4 Qxb4 20. Nxg7 Kxg7 21. Bh6+ Kg8 22. Qg5+ Ng6 23. Bd5 Ne5 24. Bxf7+ Kh8 25. Qf6+ 1-0